 Dungeon Crawl Stone Soup version 0.25-a0-110-ge29c8f2358 (webtiles) character file.

Game seed: 9210441931697390079, levelgen mode: deterministic

303 Newrome1105 the Magician (level 6, -1/32 HPs)
             Began as a Deep Elf Wizard on Oct 9, 2019.
             Slain by an adder (3 damage)
             ... on level 4 of the Dungeon on Dec 7, 2019.
             The game lasted 00:23:45 (5675 turns).

Newrome1105 the Magician (Deep Elf Wizard)          Turns: 5675, Time: 00:23:45

Health: -1/32      AC:  2    Str:  4    XL:     6   Next: 15%
Magic:  18/18      EV: 13    Int: 25    God:
Gold:   147        SH:  0    Dex: 13    Spells: 7/20 levels left

rFire    . . .     SeeInvis +   (no weapon)
rCold    . . .     Gourm    +   (no shield)
rNeg     . . .     Faith    .   a - +0 robe
rPois    .         Spirit   .   b - +0 hat
rElec    .         Reflect  .   (no cloak)
rCorr    .         Harm     .   (no gloves)
MR       .....                  (no boots)
Stlth    ++........             s - amulet of the gourmand
HPRegen  0.10/turn              c - ring of see invisible
MPRegen  0.16/turn              (no ring)

@: lethally poisoned (-1 -> -5)
A: no striking features
a: no special abilities


You were on level 4 of the Dungeon.
You were very hungry.

You visited 2 branches of the dungeon, and saw 6 of its levels.

You collected 147 gold pieces.

Inventory:

Armour
 a - a +0 robe (worn)
 b - a +0 hat (worn)
Jewellery
 c - a ring of see invisible (left hand)
 s - an amulet of the gourmand (around neck)
Scrolls
 e - a scroll of magic mapping {unknown}
 f - 2 scrolls of amnesia {unknown}
 g - a scroll of noise {unknown}
 h - a scroll of fear {unknown}
 j - 5 scrolls of remove curse
 k - a scroll of blinking {unknown}
 l - a scroll of teleportation {unknown}
 m - 2 scrolls of identify {unknown}
 p - a scroll of random uselessness {unknown}
Potions
 i - a potion of brilliance {unknown}
 n - a potion of cancellation {unknown}
 o - 2 potions of resistance {unknown}
 q - a potion of mutation {unknown}
 r - a potion of curing {unknown}
 t - a potion of berserk rage {unknown}
Comestibles
 d - 6 rations


   Skills:
 + Level 3.1 Dodging
 + Level 3.4 Stealth
 + Level 7.6 Spellcasting
 + Level 2.6 Conjurations
 + Level 2.0 Summonings
 + Level 1.4 Translocations


You had 7 spell levels left.
You knew the following spells:

 Your Spells              Type           Power        Failure   Level  Hunger
a - Magic Dart            Conj           ###.         1%          1    None
b - Blink                 Tloc           N/A          5%          2    None
c - Call Imp              Summ           ###.....     4%          2    None
d - Slow                  Hex            #.......     10%         2    None
e - Conjure Flame         Conj/Fire      ###.....     11%         3    None
f - Mephitic Cloud        Conj/Pois/Air  ##......     13%         3    None

Your spell library contained the following spells:

 Spells                   Type           Power        Failure   Level  Hunger


Dungeon Overview and Level Annotations

Branches:
Dungeon (5/15)             Temple (1/1) D:4

Altars:
Ashenzari
Cheibriados
Dithmenos
Elyvilon
Fedhas
Gozag
Hepliaklqana
Kikubaaqudgha
Makhleb
Nemelex Xobeh
Okawaru
Qazlal
Ru
Sif Muna
Trog
Uskayaw
Vehumet
Wu Jian
Xom
Yredelemnul
Zin
The Shining One


Message History

The adder poisons you!
You feel sick. The adder barely misses you. The adder misses you.
The adder misses you.
You feel sick. The adder barely misses you. The adder misses you.
The adder closely misses you. The adder barely misses you. The adder bites you.
* * * LOW HITPOINT WARNING * * *
The adder bites you.
* * * LOW HITPOINT WARNING * * *
You are lethally poisoned!
The adder poisons you!
* * * LOW HITPOINT WARNING * * *
You feel sick. The adder completely misses you.
The adder completely misses you.
* * * LOW HITPOINT WARNING * * *
You feel sick. The adder closely misses you. The adder barely misses you.
The adder bites you.
You die...

... #.⌠.# ..# #..
#..###...###.# #.#
#............####.## # #
##..⌠..>..⌠......... #
#.............# #
#..###...###..### # #..
#.⌠.#......########
.....#S..#.............#
.......@........######.#
.....##.##.###..######<#
#(..# #.##.# #..........
#### #.##.# #.##[##.#..
#.##.###.##.##.#..
#............)....
............##§#..
####.###.##.##.#..
##.##...5...


You could see an adder.

Vanquished Creatures
  An orc wizard (D:3)
  3 gnolls (D:3)
  7 adders
  2 river rats (D:4)
  An ooze (D:2)
  A dart slug (D:2)
  6 orcs
  3 giant cockroaches
  7 goblins
  5 hobgoblins
  10 jackals
  6 kobolds
  A quokka (D:2)
  3 bats
  7 frilled lizards
  3 rats (D:4)
66 creatures vanquished.

Vanquished Creatures (collateral kills)
  An orc wizard (D:4)
  2 orc priests (D:3)
  Terence (D:3)
  2 adders
  2 worms
  5 orcs
13 creatures vanquished.

Grand Total: 79 creatures vanquished

Notes
Turn   | Place    | Note
-------+----------+-------------------------------------------
     0 | D:1      | Newrome1105 the Deep Elf Wizard began the quest for the
                  | Orb.
     0 | D:1      | Reached XP level 1. HP: 10/10 MP: 7/7
   376 | D:1      | Reached XP level 2. HP: 15/15 MP: 5/9
   383 | D:1      | Learned a level 2 spell: Blink
   386 | D:1      | Learned a level 2 spell: Call Imp
   389 | D:1      | Learned a level 2 spell: Slow
   732 | D:1      | Reached skill level 5 in Spellcasting
  1195 | D:2      | Found a shadowy altar of Dithmenos.
  1325 | D:2      | Reached XP level 3. HP: 19/19 MP: 0/12
  2146 | D:3      | Reached skill level 6 in Spellcasting
  2146 | D:3      | Reached XP level 4. HP: 18/24 MP: 2/14
  2433 | D:3      | Found a faded altar of an unknown god.
  3185 | D:3      | Reached XP level 5. HP: 28/28 MP: 3/16
  3517 | D:3      | Noticed Terence
  3548 | D:3      | Killed Terence
  3548 | D:3      | Reached skill level 7 in Spellcasting
  4644 | D:3      | Learned a level 3 spell: Conjure Flame
  4648 | D:3      | Learned a level 3 spell: Mephitic Cloud
  4748 | D:5      | Entered Level 5 of the Dungeon
  5168 | D:4      | Reached XP level 6. HP: 32/32 MP: 12/18
  5348 | D:4      | Found a staircase to the Ecumenical Temple.
  5357 | Temple   | Entered the Ecumenical Temple
  5597 | Temple   | Upgraded the game from 0.24-a0-784-g601f8f6d22 to
                  | 0.25-a0-110-ge29c8f2358
  5675 | D:4      | Slain by an adder

Levels and vault maps discovered:
D:1:      lemuel_arrival_muddy, layout_basic
D:2:      layout_basic, grunt_dithmenos_smoke
D:3:      layout_basic, chequers_ecumenical_altar_lobes,
          grunt_decor_mini_mirrors, minmay_misc_feat_alley, minivault_4,
          uniq_terence
D:4:      layout_loops_ring, minmay_temple_entry_junction_2,
          lightli_sewer_entry_pipes
D:5:      layout_cave_pods, first_ration, serial_bayou_pond_e
Temple:   roderic_octagonal_lattice_temple

Skill      XL: |  1  2  3  4  5  6 |
---------------+-------------------+-----
Spellcasting   | 5 6 7 |  7.6
Conjurations   | 2 |  2.6
Dodging        | 3 |  3.1
Stealth        | 3 |  3.4
Summonings     | 2 |  2.0
Translocations | |  1.4

Action                   |  1- 3 |  4- 6 || total
-------------------------+-------+-------++-------
Melee: Unarmed           |     4 |     2 ||     6
 Cast: Magic Dart        |    73 |   141 ||   214
       Call Imp          |    11 |    16 ||    27
       Blink             |     5 |     2 ||     7
       Conjure Flame     |       |     1 ||     1
  Use: Scroll            |       |     1 ||     1
  Eat: Chunk             |     3 |    12 ||    15
Armor: Robe              |     1 |     5 ||     6
Dodge: Dodged            |    11 |    65 ||    76

Table legend:
 A = Non-vault XP
 B = Vault XP
 C = Vault XP percentage of total XP
 D = Non-vault monster count
 E = Vault monster count
 F = Vault count percentage of total count
                 A         B        C        D         E       F
            +---------+---------+-------+---------+---------+-------
      Total |     337 |      97 |  22.4 |      69 |      10 |  12.7
            +---------+---------+-------+---------+---------+-------
        D:1 |      25 |       0 |   0.0 |      15 |       0 |   0.0
        D:2 |      43 |       0 |   0.0 |      12 |       0 |   0.0
        D:3 |     208 |      26 |  11.1 |      33 |       1 |   2.9
        D:4 |      61 |      71 |  53.8 |       9 |       9 |  50.0
            +---------+---------+-------+---------+---------+-------
